Map: Polka LE

Players

qqq

  • Race: Protoss Protoss
  • League: Platinum
  • Spawn Location: 11:00

Massa

  • Race: Terran Terran
  • League: Platinum
  • Spawn Location: 11:00

Scorpio - Winner!

  • Race: Terran Terran
  • Spawn Location: 5:00

VicMegat - Winner!

  • Race: Terran Terran
  • Spawn Location: 5:00

VOD

Have the link to the VOD?

Description

Time

  • Played on: Jan. 5, 2021, 4:15 p.m.
  • Length: 19:13
Show
View Real Time Build Order
Export as new Build Order

qqq Protoss 

Build Orders: Phoenix Opening, Carrier Rush 

Get SALT Encoding   

  12  0:00  Probe  
  13  0:12  Probe  
  14  0:23  Pylon  
  14  0:35  Pylon  
  14  0:37  Probe  
  15  0:49  Probe (Chrono Boost)  
  16  0:54  Gateway  
  16  0:59  Assimilator  
  16  1:01  Probe (Chrono Boost)  
  17  1:10  Probe (Chrono Boost)  
  18  1:15  Probe  
  19  1:28  Probe  
  19  1:30  Assimilator  
  20  1:40  Probe  
  20  1:41  Cybernetics Core  
  21  1:52  Probe  
  22  2:04  Probe (Chrono Boost)  
  23  2:16  Probe (Chrono Boost)  
  23  2:17  Stalker (Chrono Boost)  
  25  2:30  Stargate  
  25  2:31  Nexus  
  25  2:37  Stalker (Chrono Boost)  
  25  2:39  Probe  
  28  2:52  Probe  
  29  3:04  Probe  
  30  3:16  Probe  
  30  3:18  Fleet Beacon  
  31  3:21  Pylon  
  31  3:39  Probe, Pylon  
  32  3:49  Phoenix  
  32  3:51  Probe  
  35  4:03  Probe  
  36  4:10  Probe  
  36  4:11  Assimilator  
  36  4:15  Probe  
  38  4:17  Assimilator  
  38  4:22  Probe  
  39  4:27  Probe  
  38  4:34  Probe  
  37  4:39  Probe, Carrier  
  37  4:43  Stargate  
  44  4:46  Probe  
  44  4:51  Probe  
  44  4:52  Pylon  
  46  4:58  Probe  
  47  5:01  Forge  
  47  5:03  Probe  
  48  5:10  Probe  
  49  5:15  Probe  
  49  5:19  Protoss Air Weapons Level 1 (Chrono Boost)  
  50  5:22  Probe  
  50  5:27  Probe  
  52  5:41  Carrier (Chrono Boost)  
  52  5:47  Probe  
  59  5:50  Carrier (Chrono Boost)  
  65  6:02  Robotics Facility  
  65  6:11  Nexus  
  65  6:13  Pylon  
  65  6:17  Pylon  
  65  6:30  Pylon  
  65  6:38  Tempest  
  68  7:00  Probe x2  
  70  7:05  Observer  
  70  7:06  Carrier  
  77  7:14  Photon Cannon  
  77  7:17  Photon Cannon  
  77  7:20  Tempest, Shield Battery  
  82  7:25  Photon Cannon  
  82  7:26  Observer  
  82  7:29  Photon Cannon, Pylon  
  83  7:36  Probe (Chrono Boost)  
  83  7:37  Nexus  
  84  7:46  Probe (Chrono Boost)  
  85  7:51  Probe (Chrono Boost)  
  86  8:03  Probe, Tempest  
  92  8:10  Tempest  
  97  8:15  Probe  
  98  8:26  Assimilator  
  98  8:29  Assimilator  
  98  8:32  Pylon  
  98  8:33  Protoss Air Armor Level 1  
  98  8:35  Pylon  
  98  8:46  Tempest  
  103  8:49  Observer  
  103  8:53  Tempest  
  109  8:57  Nexus  
  104  9:29  Tempest, Stargate  
  109  9:31  Stargate  
  109  9:32  Photon Cannon, Pylon  
  109  9:36  Shield Battery  
  109  9:37  Probe (Chrono Boost)  
  111  9:39  Pylon  
  111  9:42  Probe (Chrono Boost)  
  111  9:43  Pylon  
  111  9:47  Probe (Chrono Boost)  
  111  9:51  Probe (Chrono Boost)  
  111  9:52  Probe (Chrono Boost)  
  114  10:01  Probe  
  114  10:03  Probe  
  116  10:13  Probe  
  117  10:15  Probe  
  117  10:20  Void Ray  
  117  10:21  Tempest x2, Nexus  
  118  10:24  Pylon  
  118  10:25  Probe, Pylon  
  118  10:27  Pylon  
  133  10:29  Pylon  
  133  10:31  Pylon  
  133  10:40  Carrier  
  139  10:45  Protoss Air Weapons Level 2  
  139  10:47  Shield Battery  
  139  10:48  Photon Cannon  
  139  10:52  Shield Battery  
  139  10:54  Observer  
  140  11:03  Phoenix  
  142  11:04  Tempest  
  142  11:08  Photon Cannon  
  142  11:10  Photon Cannon  
  147  11:13  Shield Battery  
  147  11:14  Zealot  
  147  11:15  Observer  
  150  11:24  Photon Cannon  
  150  11:30  Photon Cannon, Shield Battery  
  150  11:31  Probe x2  
  152  11:37  Observer  
  152  11:38  Assimilator  
  153  11:40  Assimilator  
  153  11:41  Zealot  
  153  11:43  Tempest, Probe x2  
  132  12:18  Tempest x3  
  136  12:26  Tempest  
  105  13:01  Tempest x2  
  110  13:09  Void Ray x2  
  109  13:31  Immortal  
  113  13:38  Void Ray x2  
  113  13:40  Zealot  
  115  13:46  Void Ray x2  
  123  13:54  Probe (Chrono Boost)  
  123  13:55  Probe (Chrono Boost)  
  132  13:56  Probe (Chrono Boost)  
  127  14:06  Probe (Chrono Boost)  
  127  14:07  Probe (Chrono Boost), Zealot  
  127  14:08  Photon Cannon  
  132  14:10  Assimilator, Immortal  
  132  14:12  Probe (Chrono Boost)  
  132  14:13  Probe x2 (Chrono Boost), Assimilator  
  132  14:15  Void Ray x2  
  138  14:18  Probe  
  138  14:20  Probe x2  
  149  14:30  Tempest, Mothership (Chrono Boost)  
  154  14:33  Protoss Air Weapons Level 3  
  154  14:34  Zealot  
  154  14:36  Observer  
  154  14:37  Probe (Chrono Boost)  
  154  14:38  Probe (Chrono Boost)  
  166  14:41  Observer  
  166  14:50  Tempest  
  171  14:56  Nexus  
  171  14:58  Pylon  
  171  15:01  Zealot, Pylon  
  173  15:10  Observer  
  173  15:12  Tempest  
  173  15:13  Tempest  
  184  15:15  Tempest  
  189  15:28  Zealot, Flux Vanes  
  189  15:32  Observer  
  160  15:52  Tempest  
  160  15:55  Tempest, Zealot  
  133  16:22  Zealot  
  130  16:30  Tempest x2  
  140  16:35  Tempest  
  118  16:55  Probe  
  118  16:58  Assimilator  
  119  17:01  Assimilator  
  119  17:07  Probe  
  113  17:20  Probe  
  99  17:26  Tempest x3  
  102  17:51  Tempest  
  99  17:52  Probe x2  
  99  17:57  Shield Battery  
  98  17:58  Photon Cannon  
  98  18:03  Pylon  
  98  18:04  Probe x2  
  100  18:09  Tempest  
  105  18:16  Probe x2  
  105  18:17  Tempest  
  100  18:28  Probe x2  
  101  18:40  Probe  
  101  18:41  Probe  
Show
View Real Time Build Order
Export as new Build Order

Massa Terran 

Build Orders: 2 Factory, Reaper Expand 

Get SALT Encoding   

  12  0:00  SCV  
  13  0:12  SCV  
  14  0:21  Supply Depot  
  14  0:25  SCV  
  15  0:42  SCV  
  16  0:44  Barracks  
  16  0:52  Refinery  
  16  0:54  SCV  
  17  1:07  SCV  
  18  1:17  Refinery  
  18  1:19  SCV  
  20  1:37  Orbital Command  
  19  1:44  Command Center  
  19  1:48  Reaper  
  20  2:06  Factory  
  20  2:08  SCV  
  21  2:20  Marine  
  21  2:22  SCV  
  23  2:33  Supply Depot  
  23  2:41  Factory  
  23  2:44  Barracks Tech Lab  
  22  2:57  Orbital Command  
  22  2:59  SCV  
  23  3:11  Barracks Reactor, SCV  
  24  3:17  Refinery  
  24  3:18  Starport  
  24  3:23  SCV, Hellion  
  29  3:27  Hellion  
  29  3:29  SCV  
  30  3:34  Refinery  
  30  3:35  SCV  
  31  3:45  Hellion  
  33  3:57  Hellion x2  
  33  3:58  Barracks Reactor  
  33  3:59  Infernal Pre-Igniter  
  37  4:06  Medivac  
  37  4:08  SCV x2  
  41  4:16  Hellion  
  43  4:19  Widow Mine  
  43  4:20  SCV  
  46  4:24  Supply Depot  
  46  4:27  Supply Depot  
  46  4:46  Widow Mine, SCV x2, Marine x2, Medivac  
  46  4:47  Supply Depot  
  46  4:49  Hellion  
  56  4:58  Widow Mine, SCV  
  59  5:03  Marine x2  
  61  5:09  Siege Tank  
  64  5:15  SCV x2  
  66  5:21  Marine x2, Supply Depot  
  66  5:27  SCV x2  
  70  5:38  Starport Reactor  
  70  5:43  Marine x2  
  70  5:45  Barracks  
  70  5:47  Barracks  
  72  5:53  Engineering Bay  
  72  5:54  Supply Depot  
  72  5:56  Supply Depot  
  72  5:58  Widow Mine x2  
  72  6:00  Marine x2  
  54  6:42  SCV x2  
  45  6:54  SCV x2  
  44  7:04  Barracks Tech Lab  
  44  7:06  SCV x2  
  44  7:07  Terran Infantry Weapons Level 1  
  46  7:08  Marine  
  46  7:09  Marine x2  
  49  7:18  SCV  
  49  7:19  SCV  
  51  7:26  Marine, Missile Turret  
  51  7:27  Marine x2  
  54  7:31  SCV  
  54  7:35  Marine  
  56  7:44  Marine x3  
  56  7:45  Stimpack  
  59  7:53  Marine  
  60  8:09  Barracks Tech Lab  
  60  8:13  Viking x2  
  64  8:21  SCV x2  
  66  8:36  Missile Turret  
  66  8:40  SCV x2  
  68  8:46  Supply Depot  
  68  8:50  Combat Shield  
  68  8:52  SCV x2  
  68  8:53  Marauder x2  
  68  8:55  Marine  
  74  9:01  Terran Infantry Armor Level 1  
  74  9:04  SCV  
  75  9:15  Marauder  
  77  9:24  Concussive Shells  
  77  9:27  Marine  
  78  9:33  Command Center, Supply Depot  
  78  9:46  Missile Turret  
  78  9:52  Supply Depot  
  78  9:55  SCV x2, Marauder x2, Marine x2  
  86  10:13  Widow Mine x2, SCV x2, Armory, Medivac  
  94  10:28  Supply Depot  
  94  10:32  Supply Depot  
  94  10:33  Supply Depot  
  94  10:36  Missile Turret  
  94  10:44  SCV x2, Medivac, Siege Tank  
  94  10:45  Marauder  
  103  10:50  Viking  
  103  10:56  SCV x2  
  107  11:04  Starport  
  107  11:05  Marauder  
  107  11:06  Starport  
  107  11:09  SCV  
  110  11:19  Terran Infantry Weapons Level 2  
  110  11:25  Barracks Tech Lab  
  110  11:27  Raven  
  110  11:30  Barracks, Corvid Reactor  
  112  11:40  Planetary Fortress  
  112  11:42  SCV x2  
  114  11:48  Starport Tech Lab  
  114  11:49  Starport Tech Lab  
  114  11:54  SCV x2  
  100  12:14  Marauder x2  
  75  12:23  Raven x3  
  76  12:35  Marauder  
  76  12:36  Marauder  
  64  12:42  Marine x2  
  63  12:45  Widow Mine x2  
  67  12:55  SCV x3  
  67  12:57  Marauder x2  
  74  13:00  Marine  
  67  13:07  SCV  
  68  13:18  Marauder x2  
  69  13:35  Terran Infantry Armor Level 2  
  69  13:37  SCV x3  
  69  13:39  Marauder  
  72  13:43  Siege Tank  
  72  13:44  Widow Mine x2  
  72  13:46  Raven  
  81  13:49  SCV x3  
  81  13:53  Medivac x2  
  88  13:57  Marauder  
  88  14:01  SCV x3, Marauder  
  95  14:06  Widow Mine  
  97  14:10  Refinery  
  97  14:11  Refinery  
  97  14:12  Terran Vehicle Weapons Level 1  
  97  14:13  SCV x3  
  97  14:16  Siege Tank  
  103  14:18  Marauder  
  103  14:23  Marauder, Medivac  
  109  14:25  SCV  
  109  14:26  Barracks  
  109  14:30  Barracks  
  110  14:37  SCV x3, Barracks  
  113  14:39  Marauder  
  113  14:42  Marine  
  113  14:44  Marauder, Marine  
  119  14:49  SCV x2  
  121  14:58  SCV, Sensor Tower  
  122  15:00  Marine  
  122  15:01  SCV x2, Marauder  
  122  15:06  Marauder  
  129  15:10  SCV  
  129  15:13  SCV  
  131  15:18  Command Center  
  131  15:25  SCV x2, Missile Turret  
  131  15:26  Engineering Bay  
  133  15:34  SCV  
  132  15:37  SCV  
  132  15:40  Supply Depot  
  132  15:41  Supply Depot  
  132  15:42  Supply Depot x2  
  133  15:45  Supply Depot  
  133  15:46  Missile Turret  
  113  16:18  Raven x3  
  84  16:20  Barracks Tech Lab, Marauder x2  
  84  16:21  Barracks Tech Lab x2  
  84  16:22  Marine  
  84  16:23  Marine  
  79  16:40  Marine  
  79  16:41  Marauder, Marine  
  79  16:42  Marauder  
  66  16:51  Siege Tank  
  66  16:53  Widow Mine  
  66  17:01  Raven  
  64  17:03  Marauder x2  
  68  17:16  Command Center  
  55  17:23  Siege Tank  
  55  17:24  Marauder  
  55  17:25  Marauder  
  55  17:33  Barracks  
  50  17:45  Marauder  
  50  17:46  Marauder  
  48  18:07  Marauder x2  
  48  18:10  Marine  
  53  18:16  Widow Mine  
  55  18:21  Barracks Tech Lab  
  55  18:28  Marauder  
  55  18:29  Marauder  
  58  18:37  Widow Mine  
  53  18:50  Marauder x2  
Show
View Real Time Build Order
Export as new Build Order

Scorpio Terran - Winner!

Build Orders: Mech 

Get SALT Encoding   

  12  0:00  SCV  
  13  0:12  SCV  
  14  0:18  Supply Depot  
  14  0:27  SCV  
  15  0:40  SCV  
  15  0:41  Barracks  
  16  0:46  Refinery  
  16  0:52  SCV  
  17  1:04  SCV  
  18  1:16  SCV  
  19  1:28  SCV  
  19  1:29  Marine  
  21  1:34  Command Center  
  21  1:43  Orbital Command  
  21  1:49  Barracks Reactor  
  21  2:09  Factory  
  21  2:10  SCV  
  21  2:14  Refinery  
  22  2:15  Supply Depot  
  22  2:23  SCV  
  22  2:27  Supply Depot  
  23  2:37  SCV  
  23  2:43  Marine  
  23  2:44  Marine  
  26  2:49  SCV  
  27  2:54  Supply Depot  
  27  3:00  Factory Tech Lab  
  27  3:01  SCV  
  28  3:06  SCV  
  28  3:11  Marine x2  
  31  3:13  SCV  
  31  3:18  SCV  
  33  3:20  Starport  
  33  3:25  SCV  
  34  3:30  Siege Tank  
  37  3:35  SCV  
  37  3:37  SCV  
  39  3:48  Orbital Command  
  39  3:49  SCV  
  39  4:00  Factory  
  39  4:02  SCV  
  39  4:14  SCV  
  39  4:15  SCV  
  41  4:20  Refinery x2  
  41  4:25  Viking x2  
  41  4:26  SCV  
  41  4:27  SCV, Siege Tank  
  50  4:38  SCV  
  51  4:39  SCV  
  52  4:48  Factory Tech Lab  
  52  4:50  SCV  
  52  4:51  SCV  
  52  4:52  Factory  
  54  4:59  Viking  
  56  5:02  SCV  
  56  5:03  SCV  
  58  5:14  SCV, Armory  
  58  5:15  SCV  
  60  5:26  SCV  
  60  5:27  SCV  
  62  5:29  Siege Tank  
  62  5:31  Supply Depot  
  62  5:35  Supply Depot  
  65  5:38  SCV  
  65  5:39  SCV  
  67  5:44  Armory  
  67  5:46  Factory Tech Lab  
  70  5:50  SCV, Siege Tank  
  70  5:52  SCV  
  72  5:59  Command Center  
  72  6:03  SCV  
  72  6:04  SCV  
  74  6:06  Supply Depot  
  74  6:15  SCV  
  74  6:16  SCV  
  76  6:27  SCV  
  76  6:28  SCV  
  77  6:55  SCV x2  
  79  7:01  Terran Vehicle Weapons Level 1, Supply Depot  
  79  7:02  Terran Vehicle And Ship Armor Level 1  
  79  7:06  Thor x3  
  79  7:07  SCV  
  98  7:10  Supply Depot  
  98  7:14  Supply Depot x2  
  98  7:15  Supply Depot  
  98  7:20  Barracks  
  98  7:23  Supply Depot  
  98  7:24  SCV x2  
  100  7:33  Supply Depot  
  100  7:34  Engineering Bay  
  100  7:35  Viking x2  
  104  7:47  SCV  
  104  7:49  Thor  
  111  7:52  SCV x2  
  113  7:59  SCV  
  114  8:08  SCV x2  
  114  8:11  SCV  
  117  8:17  Refinery, Thor x2  
  117  8:19  Viking  
  131  8:20  Refinery, SCV  
  132  8:38  Supply Depot x2  
  132  8:39  Supply Depot  
  132  8:46  Orbital Command  
  132  8:57  Thor  
  132  8:58  Terran Vehicle Weapons Level 2  
  132  8:59  Terran Vehicle And Ship Armor Level 2, Missile Turret  
  138  9:17  Thor  
  138  9:18  Missile Turret  
  144  9:30  Command Center  
  144  9:32  Command Center  
  144  9:38  Missile Turret  
  144  9:39  Supply Depot  
  144  9:49  Thor  
  144  9:50  Thor  
  144  9:51  Missile Turret  
  156  9:52  Viking  
  156  9:53  Viking  
  156  9:58  Missile Turret  
  160  10:07  Factory  
  160  10:15  Factory  
  160  10:18  Factory  
  160  10:20  Factory  
  160  10:21  Thor  
  166  10:47  Command Center  
  166  10:50  Thor x2  
  166  10:51  Missile Turret  
  166  10:53  Missile Turret  
  166  10:54  Missile Turret  
  178  11:06  Factory Tech Lab  
  178  11:07  Factory Tech Lab  
  178  11:09  Sensor Tower  
  178  11:13  Missile Turret  
  178  11:15  Planetary Fortress, Missile Turret x2  
  178  11:16  Factory Tech Lab  
  178  11:21  Orbital Command  
  178  11:23  Refinery, Factory Tech Lab  
  178  11:27  Refinery  
  178  11:52  Thor x3  
  160  12:24  Thor x2  
  160  12:25  Thor  
  154  12:44  Thor x2  
  166  12:51  Orbital Command  
  154  13:13  Thor x3  
  154  13:32  Thor  
  154  13:33  Thor  
  154  14:04  Thor x2  
  154  14:05  Thor x2  
  178  14:19  Terran Vehicle Weapons Level 3  
  178  14:44  Command Center  
  178  14:57  Orbital Command  
  178  15:01  Refinery  
  178  15:04  Refinery  
  178  15:06  Missile Turret  
  178  15:27  Missile Turret  
  178  15:46  Missile Turret  
  178  16:05  Missile Turret  
  139  16:15  Thor  
  139  16:16  Thor x6  
  163  16:25  Missile Turret  
  148  16:45  Missile Turret  
  148  16:58  Thor x2  
  148  16:59  Thor x5  
  190  17:07  Missile Turret  
  184  17:41  Thor x2  
  190  18:04  Thor  
Show
View Real Time Build Order
Export as new Build Order

VicMegat Terran - Winner!

Build Orders: Reaper Expand 

Get SALT Encoding   

  12  0:00  SCV  
  13  0:12  SCV  
  14  0:18  Supply Depot  
  14  0:24  SCV  
  15  0:39  SCV  
  15  0:40  Barracks  
  16  0:44  Refinery  
  16  0:51  SCV  
  17  1:03  SCV  
  18  1:16  SCV  
  19  1:27  Reaper  
  19  1:28  Orbital Command  
  20  1:43  Command Center  
  20  1:55  Supply Depot  
  20  2:04  Barracks Reactor  
  20  2:05  SCV  
  21  2:12  Refinery  
  21  2:17  SCV  
  22  2:24  Factory  
  22  2:29  SCV  
  23  2:41  SCV  
  24  2:50  Marine x2  
  25  2:53  SCV  
  25  2:55  Orbital Command  
  26  3:01  Supply Depot  
  26  3:05  SCV  
  26  3:10  Starport  
  27  3:18  SCV  
  28  3:20  Barracks Tech Lab  
  28  3:24  Hellion x2, Supply Depot  
  28  3:26  SCV  
  33  3:30  SCV  
  34  3:47  SCV x2  
  36  3:49  Hellion x2  
  36  3:51  Fusion Core  
  36  3:53  Refinery  
  40  3:58  Barracks Tech Lab  
  40  4:06  SCV x2  
  40  4:42  Battlecruiser  
  40  4:44  Starport  
  46  4:48  SCV x2  
  48  4:54  Refinery  
  48  5:00  SCV x2  
  48  5:03  Weapon Refit  
  50  5:12  SCV  
  50  5:13  SCV  
  52  5:19  Hellion x2  
  56  5:23  Command Center  
  56  5:25  SCV x2  
  58  5:32  Barracks Tech Lab  
  58  5:37  SCV x2  
  58  5:39  Battlecruiser  
  66  5:45  Supply Depot  
  66  5:48  Supply Depot  
  66  5:56  SCV  
  66  5:57  SCV  
  68  6:08  SCV  
  68  6:09  SCV  
  57  6:26  Battlecruiser  
  57  6:27  SCV x2  
  60  6:39  SCV  
  57  6:53  Battlecruiser  
  57  6:54  SCV x2  
  48  7:04  Starport, Orbital Command  
  48  7:06  SCV x2  
  50  7:18  SCV x2  
  50  7:21  Armory  
  52  7:23  Armory  
  52  7:29  Orbital Command  
  52  7:30  SCV x2  
  54  7:38  Battlecruiser  
  54  7:42  SCV  
  54  7:43  SCV  
  62  7:55  SCV x2  
  64  8:07  SCV  
  64  8:09  SCV x2  
  67  8:15  Battlecruiser  
  67  8:19  SCV  
  74  8:21  SCV x2  
  74  8:22  Terran Vehicle And Ship Armor Level 1, Terran Ship Weapons Level 1  
  76  8:31  SCV  
  76  8:33  SCV x2  
  79  8:43  SCV  
  79  8:44  Refinery  
  79  8:45  Refinery, SCV, Battlecruiser  
  79  8:46  SCV  
  88  8:55  SCV  
  89  8:57  SCV  
  89  8:58  SCV  
  91  9:07  SCV  
  93  9:10  SCV  
  93  9:21  SCV  
  93  9:22  SCV x2  
  96  9:33  Supply Depot x2  
  96  9:34  SCV, Supply Depot  
  97  9:39  Command Center  
  97  9:47  SCV  
  97  9:48  SCV  
  99  9:55  Battlecruiser  
  105  10:05  Battlecruiser  
  111  10:14  Battlecruiser  
  117  10:25  Engineering Bay  
  117  10:31  Terran Vehicle And Ship Armor Level 2, Terran Ship Weapons Level 2  
  117  10:45  Starport  
  117  10:51  Starport  
  117  10:56  Orbital Command  
  117  11:03  Battlecruiser  
  123  11:07  Supply Depot  
  123  11:09  Supply Depot x2  
  123  11:13  Battlecruiser  
  129  11:25  Refinery  
  129  11:29  Starport Tech Lab x2  
  129  11:30  Orbital Command, Missile Turret  
  129  11:32  Missile Turret  
  129  11:33  Missile Turret  
  129  11:41  Battlecruiser  
  135  11:50  Battlecruiser  
  135  11:52  Refinery  
  117  12:17  Battlecruiser  
  105  12:42  Battlecruiser x2  
  105  12:56  Battlecruiser  
  111  13:18  Battlecruiser  
  111  13:33  Battlecruiser  
  111  13:36  SCV x4  
  109  13:48  SCV x2  
  111  13:53  Battlecruiser  
  111  14:02  SCV x2  
  113  14:03  SCV x2  
  113  14:05  Battlecruiser  
  121  14:14  SCV  
  121  14:15  SCV  
  123  14:22  Command Center  
  123  14:23  Battlecruiser  
  129  14:26  SCV x3  
  132  14:32  Sensor Tower  
  132  14:36  Terran Vehicle And Ship Armor Level 3  
  132  14:43  Terran Ship Weapons Level 3  
  132  14:52  Supply Depot x2  
  132  14:53  Supply Depot  
  132  14:59  SCV x3  
  135  15:02  Refinery  
  135  15:03  Refinery  
  135  15:05  Sensor Tower  
  137  15:08  Battlecruiser  
  141  15:26  Missile Turret x2  
  141  15:31  Battlecruiser  
  141  15:35  Missile Turret  
  141  15:54  Battlecruiser x2  
  141  16:28  Viking, Battlecruiser  
  149  16:35  Battlecruiser  
  143  17:28  Battlecruiser x3  
  153  17:41  Battlecruiser  
  159  17:47  Starport  
  159  17:49  Starport  
  159  17:52  Planetary Fortress  
  159  17:58  Starport  
  159  18:08  Command Center  
  147  18:34  Starport Tech Lab  
  147  18:35  Starport Tech Lab  
Tags
 
Add a new tag
Caveats
  • Supply blocks, unpowered buildings, or Contaminate may cause inaccurate times.
  • Supply counts are checked every 10 seconds.